 Dungeon Crawl Stone Soup version 0.31-a0-216-g22e908daa7 (webtiles) character file.

Game seed: 17533032973376386840

14 qw the Shooter (level 2, 0/16 HPs)
             Began as a Gargoyle Hexslinger on July 1, 2023.
             Slain by a goblin
             ... wielding a +0 club
              (1 damage)
             ... on level 1 of the Dungeon.
             The game lasted 00:00:08 (333 turns).

qw the Shooter (Gargoyle Hexslinger)                 Turns: 333, Time: 00:00:08

Health: 0/16       AC:  4    Str: 11    XL:     2   Next: 41%
Magic:  3/3        EV: 12    Int: 13    God:
Gold:   8          SH:  0    Dex: 12    Spells: 2/3 levels left

rFire   . . .        a - +1 sling
rCold   . . .        (no shield)
rNeg    + . .        c - +0 robe
rPois   inf          (no helmet)
rElec   +            (no cloak)
rCorr   .            (no gloves)
SInv    .            (no boots)
Will    .....        (no amulet)
Stlth   +            (no ring)
HPRegen 0.22/turn    (no ring)
MPRegen 0.08/turn

%: no passive effects
@: no status effects
A: sickness immunity, AC +2, negative energy resistance 1, electricity
resistance, torment resistance 1, petrification resistance
a: no special abilities


You were on level 1 of the Dungeon.
You visited 1 branch of the dungeon, and saw 1 of its levels.

You collected 8 gold pieces.


Innate Abilities, Weirdness & Mutations

You are immune to sickness and miasma.
Your stone body is resilient. (AC +2)
You are immune to poison.
You resist negative energy. (rN+)
You are resistant to electric shocks. (rElec)
You are resistant to unholy torment.
You are immune to petrification.


   Skills:
 + Level 1.1 Fighting
 - Level 3.0 Ranged Weapons
 - Level 1.5 Dodging
 - Level 1.0 Spellcasting
 - Level 2.6 Hexes


You had 2 spell levels left.
You knew the following spells:

 Your Spells              Type           Power      Damage    Failure   Level
a - Slow                  Hex            28%        N/A       10%         1

Your spell library contained the following spells:

 Spells                   Type           Power      Damage    Failure   Level
 Inner Flame              Hex/Fire       4%         N/A       43%         3
 Portal Projectile        Hex/Tloc       8%         N/A       43%         3
 Cause Fear               Hex            3%         N/A       67%         4

Inventory:

Hand Weapons
 a - a +1 sling (weapon)
Armour
 c - a +0 robe (worn)
 e - a +0 ring mail
Scrolls
 b - a scroll of poison
 f - a scroll of teleportation {unknown}
 h - a scroll of identify {unknown}
Potions
 d - a potion of cancellation {unknown}
 g - a potion of brilliance {unknown}

Dungeon Overview and Level Annotations

Branches:
Dungeon (1/15)

Altars:


Message History

A goblin comes into view. It is wielding a +0 club.
You shoot a sling bullet. The sling bullet hits the bat.
The bat is severely wounded.
The bat closely misses you.
You shoot a sling bullet.
The sling bullet hits the bat but does no damage.
The bat is severely wounded.
The bat barely misses you.
You shoot a sling bullet.
The sling bullet completely misses the bat.
The sling bullet hits the hobgoblin!
You kill the hobgoblin!
The bat hits you but does no damage. The ball python barely misses you. x2
The bat barely misses you. The goblin hits you with a +0 club.
Your Ranged Weapons skill increases to level 3!
You shoot a sling bullet. The sling bullet misses the bat.
The bat closely misses you. The ball python bites you.
The ball python closely misses you. The ball python barely misses you. x2
The goblin hits you with a +0 club.
You shoot a sling bullet. The sling bullet hits the bat.
You kill the bat!
The ball python bites you but does no damage.
The ball python closely misses you. The goblin closely misses you.
The ball python bites you but does no damage.
The ball python misses you.
You shoot a sling bullet.
The sling bullet closely misses the goblin.
The goblin barely misses you. The ball python barely misses you.
The ball python grabs you. The ball python constricts you.
The goblin hits you with a +0 club.
You shoot a sling bullet.
The sling bullet closely misses the ball python.
The ball python bites you. The ball python constricts you.
A rat comes into view.
The goblin hits you with a +0 club. The ball python closely misses you.
The ball python constricts you.
You shoot a sling bullet. The sling bullet hits the ball python!
You kill the ball python!
The goblin hits you with a +0 club.
You die...

#.# #..##.. #.# #..##..
#.# #...... #.# #..##..
#.# #..##.. #.# #......
. ######.#### #......
#.?.##%........####.....
#.r>.@................
......g%.............#..
#...................)#..
.....................#.#
..#.#..#...............#
.....................###
..#.#.#.###..........#
........ ##.........#


You could see a goblin and a rat.

Vanquished Creatures
  An endoplasm (D:1)
  A giant cockroach (D:1)
  A goblin (D:1)
  4 hobgoblins (D:1)
  A ball python (D:1)
  A bat (D:1)
  A frilled lizard (D:1)
  2 kobolds (D:1)
  A rat (D:1)
13 creatures vanquished.

Notes
Turn   | Place    | Note
-------+----------+-------------------------------------------
     0 | D:1      | qw the Gargoyle Hexslinger began the quest for the Orb.
     0 | D:1      | Reached XP level 1. HP: 12/12 MP: 2/2
     0 | D:1      | 0 ||| qw: Version: 0.3-a-35-g05ef00e
     0 | D:1      | 0 ||| qw: Game counter: 7734
     0 | D:1      | 0 ||| qw: Melee chars always use a shield: true
     0 | D:1      | 0 ||| qw: God list: Okawaru
     0 | D:1      | 0 ||| qw: Allow faded altars: false
     0 | D:1      | 0 ||| qw: Do Orc after clearing Dungeon:15 true
     0 | D:1      | 0 ||| qw: Do second Lair branch before Depths: true
     0 | D:1      | 0 ||| qw: Lair rune preference: random
     0 | D:1      | 0 ||| qw: Goals: Normal
     0 | D:1      | 0 ||| PLANNING D:1-11
   210 | D:1      | Reached XP level 2. HP: 16/16 MP: 3/3
   329 | D:1      | Reached skill level 3 in Ranged Weapons
   332 | D:1      | HP: 4/16 [ball python (2)]
   332 | D:1      | HP: 1/16 [constriction (1)]
   333 | D:1      | Slain by a goblin

Levels and vault maps discovered:
D:1:      psy_arrival_fountain, layout_rooms, serial_co_window_serial,
          co_window_paths_b, co_window_paths_a, co_window_cross_1,
          co_window_of_opportunity_a, co_window_corner_a, co_window_paths_a,
          co_window_broadway_b, co_window_2corner, co_window_2corner,
          co_window_corner_b, co_window_paths_c, glass_columns_b,
          glass_columns_b, glass_columns_b, glass_columns_a

Skill      XL: |  1  2 |
---------------+-------+-----
Ranged Weapons | 3 |  3.0
Fighting       | |  1.1
Dodging        | |  1.5
Spellcasting   | |  1.0
Hexes          | |  2.6

Action                     || total
---------------------------++-------
   Fire: Sling             ||    38
 Armour: Robe              ||     5
  Dodge: Dodged            ||    22

Table legend:
 A = Non-vault XP
 B = Vault XP
 C = Vault XP percentage of total XP
 D = Non-vault monster count
 E = Vault monster count
 F = Vault count percentage of total count
                 A         B        C        D         E       F
            +---------+---------+-------+---------+---------+-------
      Total |      21 |       0 |   0.0 |      13 |       0 |   0.0
            +---------+---------+-------+---------+---------+-------
        D:1 |      21 |       0 |   0.0 |      13 |       0 |   0.0
            +---------+---------+-------+---------+---------+-------
